 Dungeon Crawl Stone Soup version 0.17.0-28-g6e173f8 (console) character file.

8696 Kloppie the Fighter (level 11, -10/60 HPs)
             Began as a Vine Stalker Fighter on Dec 1, 2015.
             Was a Believer of Okawaru.
             Mangled by a spiny frog (17 damage)
             ... on level 1 of the Lair of Beasts.
             The game lasted 00:18:34 (7487 turns).

Kloppie the Fighter (Vine Stalker Fighter)          Turns: 7487, Time: 00:18:34

Health: -10/60     AC: 19    Str: 19    XL:     11   Next: 34%
Magic:  0/12       EV: 12    Int:  8    God:    Okawaru [**....]
Gold:   648        SH:  9    Dex: 17    Spells: 0 memorised, 10 levels left

rFire  . . .     SeeInvis +     b - +2 flail (protect)
rCold  . . .     Clarity  .     u - +3 scale mail {rN+}
rNeg   + . .     SustAt   .     c - +0 shield
rPois  .         Gourm    .     (no helmet)
rElec  .         Spirit   +     (no cloak)
rCorr  .         Warding  .     (no gloves)
rMut   .         Stasis   .     (no boots)
MR     +....                    (no amulet)
Stlth  ..........               g - ring of see invisible
                                E - +3 ring of protection

@: lethally poisoned (-10 -> -12), somewhat resistant to hostile enchantments,
extremely unstealthy
A: fangs 3, regeneration 2, magic shield, antimagic bite, no device heal 3, rot
immunity
a: Heroism, Renounce Religion


You were on level 1 of the Lair of Beasts.
You worshipped Okawaru.
Okawaru was pleased with you.
You were not hungry.

You visited 3 branches of the dungeon, and saw 10 of its levels.

You collected 648 gold pieces.

Inventory:

Hand Weapons
 a - a +3 whip of electrocution
 b - a +2 flail of protection (weapon)
 i - a +0 flail of freezing
Armour
 c - a +0 shield (worn)
 u - a +3 scale mail of positive energy (worn)
Jewellery
 g - a ring of see invisible (right hand)
 q - an uncursed ring of ice
 x - an uncursed amulet of guardian spirit {unknown}
 E - a +3 ring of protection (left hand)
 F - an uncursed ring of sustain attributes
Wands
 h - a wand of cold (9)
 v - a wand of digging (20)
Scrolls
 k - 6 scrolls of remove curse
 m - 3 scrolls of amnesia
 n - a scroll of enchant weapon
 r - 2 scrolls of recharging
 z - a scroll of magic mapping
 G - a scroll of enchant armour
 I - 4 scrolls of teleportation
Potions
 d - 3 potions of might
 j - 2 potions of haste
 l - 2 potions of magic
 p - a potion of ambrosia
 s - 2 potions of curing
 A - a potion of flight
 B - a potion of resistance
 D - a potion of invisibility
Comestibles
 e - 6 bread rations
 f - 5 meat rations
 o - 8 chunks of flesh
 t - 4 fruits
 w - a beef jerky


   Skills:
 - Level 8.6 Fighting
 - Level 8.3 Maces & Flails
 + Level 7.6 Armour
 + Level 7.1 Dodging
 - Level 2.6 Shields


You had 10 spell levels left.
You didn't know any spells.

Dungeon Overview and Level Annotations

Branches:
Dungeon (8/15)             Temple (1/1) D:4            Lair (1/8) D:8

Altars:
Ashenzari
Cheibriados
Elyvilon
Fedhas
Gozag
Kikubaaqudgha
Makhleb
Nemelex Xobeh
Okawaru
Qazlal
Ru
Trog
Vehumet
Xom
Yredelemnul
Zin
The Shining One

Shops:
D:7 ((


Innate Abilities, Weirdness & Mutations

You have razor-sharp teeth.
You heal very quickly.
When hurt, damage is shared between your health and your magic reserves.
Your bite disrupts and absorbs the magic of your enemies.
Potions and wands cannot restore your health.
You are immune to rotting.


Message History

The spiny frog stings you!
* * * LOW HITPOINT WARNING * * *
The spiny frog stings you but does no damage.
You closely miss the spiny frog.
You bite the spiny frog, but do no damage.
The spiny frog is moderately wounded.
You block the spiny frog's attack.
You sock the spiny frog! You bite the spiny frog. You drain its power.
You feel invigorated.
The spiny frog is severely wounded.
The spiny frog stings you!
* * * LOW HITPOINT WARNING * * *
You are poisoned.
The spiny frog poisons you!
You closely miss the spiny frog. Your bite misses the spiny frog.
The spiny frog is severely wounded.
You feel sick. The spiny frog stings you!
* * * LOW HITPOINT WARNING * * *
The spiny frog stings you!!
You die...

## #### ###.###..#########.
#.# #..................
.......
#...........................
#.......>..@................
#...........F...........[...
#...........................
#...........................
#...........................
#..........................†
#...........................
#....†......................
#.....†##..### ######.......


You could see a spiny frog.

Vanquished Creatures
  The ghost of Acur the Carver, a novice OpFi of Dithmenos (D:8)
  Urug (Lair:1)
  Nergalle (Lair:1)
  Sigmund (D:4)
  2 vampire mosquitoes (D:8)
  A hog (D:8)
  A hippogriff (Lair:1)
  7 yaks
  A human (D:8)
  5 wolves (Lair:1)
  2 water moccasins (Lair:1)
  4 orc warriors
  An ice beast (D:5)
  A sky beast (D:8)
  A black bear (D:8)
  A necrophage (D:8)
  3 ogres
  8 phantoms
  2 big kobolds (D:6)
  3 centaurs (D:6)
  5 giant frogs
  A scorpion (D:5)
  3 killer bees (D:8)
  A vampire bat (D:4)
  4 crimson imps
  A giant frog skeleton (D:7)
  4 hounds
  9 orc priests
  A quasit (D:5)
  A jelly (D:5)
  2 worker ants
  3 iguanas
  Terence (D:2)
  2 gnoll shamans
  12 orc wizards
  3 sheep (D:8)
  A hound zombie (D:6)
  A hound skeleton (D:8)
  10 adders
  18 gnolls
  A shadow imp (D:6)
  An adder zombie (D:1)
  4 worms
  6 giant geckos
  47 orcs
  9 bats
  3 bat skeletons (D:4)
  2 bat zombies (D:4)
  5 giant cockroaches
  8 goblins
  16 hobgoblins
  15 kobolds
  7 quokkas
  A ball python (D:2)
  A ball python zombie (D:1)
  2 giant newts (D:2)
  10 jackals
  13 rats
  3 fungi (D:8)
  A plant (D:8)
285 creatures vanquished.

Vanquished Creatures (others)
  3 fungi (D:8)
3 creatures vanquished.

Grand Total: 288 creatures vanquished

Notes
Turn   | Place    | Note
--------------------------------------------------------------
     0 | D:1      | Kloppie the Vine Stalker Fighter began the quest for the Orb.
     0 | D:1      | Reached XP level 1. HP: 11/11 MP: 2/2
    82 | D:1      | Reached skill level 3 in Fighting
    82 | D:1      | Reached XP level 2. HP: 14/16 MP: 3/3
   377 | D:1      | Reached XP level 3. HP: 20/20 MP: 4/4
   685 | D:1      | You fall through a shaft!
   739 | D:2      | Noticed Terence
   750 | D:2      | Killed Terence
   750 | D:2      | Reached XP level 4. HP: 22/25 MP: 5/5
  1295 | D:2      | Found a basalt altar of Yredelemnul.
  1304 | D:2      | Found a glowing golden altar of the Shining One.
  1360 | D:2      | Found a blossoming altar of Fedhas.
  1555 | D:2      | Noticed an angel
  1605 | D:3      | Reached XP level 5. HP: 29/29 MP: 6/6
  1629 | D:3      | Reached skill level 4 in Fighting
  1940 | D:3      | Found a bloodstained altar of Trog.
  2244 | D:4      | Found a snail-covered altar of Cheibriados.
  2303 | D:4      | Found a staircase to the Ecumenical Temple.
  2309 | Temple   | Entered the Ecumenical Temple
  2451 | D:4      | Found an ancient bone altar of Kikubaaqudgha.
  2578 | D:4      | Gained mutation: You heal very quickly. [Vine Stalker growth]
  2578 | D:4      | Reached XP level 6. HP: 30/34 MP: 7/7
  2595 | D:4      | Noticed a phantom
  2612 | D:4      | Killed a phantom
  2612 | D:4      | Reached skill level 5 in Fighting
  2712 | D:4      | Noticed Sigmund
  2721 | D:4      | Killed Sigmund
  2721 | D:4      | Reached skill level 5 in Maces & Flails
  2721 | D:4      | Reached XP level 7. HP: 39/39 MP: 8/8
  2738 | D:4      | Noticed an ogre
  2738 | D:4      | Noticed a phantom
  2741 | D:4      | Killed an ogre
  2752 | D:4      | Killed a phantom
  2752 | D:4      | Reached skill level 6 in Fighting
  3028 | D:5      | Entered Level 5 of the Dungeon
  3037 | D:5      | Gained mutation: You have razor-sharp teeth. [Vine Stalker growth]
  3037 | D:5      | Reached XP level 8. HP: 40/45 MP: 9/9
  3827 | D:5      | Reached skill level 7 in Fighting
  3859 | D:6      | Found a shattered altar of Ashenzari.
  3879 | D:6      | Got a brightly glowing leather armour
  3880 | D:6      | Identified the +2 leather armour "Symirphoxzu" {Dex+6} (You found it on level 6 of the Dungeon)
  4014 | D:6      | Reached XP level 9. HP: 28/51 MP: 10/10
  4118 | D:6      | Reached skill level 8 in Fighting
  4751 | D:7      | Found Purod's Antique Weapon Emporium.
  4885 | D:7      | Reached skill level 1 in Dodging
  5177 | D:7      | Found Qihaepp's Weapon Shoppe.
  6017 | D:8      | Found a staircase to the Lair.
  6033 | D:8      | Reached XP level 10. HP: 57/57 MP: 11/11
  6052 | D:8      | Noticed Acur's ghost (novice OpFi)
  6074 | D:8      | Killed Acur's ghost
  6243 | D:8      | Reached skill level 5 in Armour
  6335 | D:8      | Reached skill level 5 in Dodging
  6492 | D:8      | Found a stormy altar of Qazlal.
  6577 | D:8      | Found a shimmering altar of Xom.
  6643 | D:8      | Found an opulent altar of Gozag.
  6643 | D:8      | Found a sacrificial altar of Ru.
  6689 | D:8      | Found an iron altar of Okawaru.
  6855 | D:8      | Became a worshipper of Warmaster Okawaru
  7042 | Lair:1   | Entered Level 1 of the Lair of Beasts
  7095 | Lair:1   | Noticed Nergalle
  7198 | Lair:1   | Killed Nergalle
  7198 | Lair:1   | Reached * piety under Okawaru
  7198 | Lair:1   | Reached XP level 11. HP: 33/60 MP: 4/12
  7419 | Lair:1   | Noticed Urug
  7441 | Lair:1   | Killed Urug
  7455 | Lair:1   | Reached ** piety under Okawaru
  7487 | Lair:1   | Mangled by a spiny frog

Action                   |  1- 3 |  4- 6 |  7- 9 | 10-12 || total
-------------------------+-------+-------+-------+-------++-------
Melee: Flail             |    38 |       |       |     8 ||    46
       Whip              |    45 |   175 |   381 |   318 ||   919
Invok: Heroism           |       |       |       |     2 ||     2
  Use: Scroll            |       |    11 |    11 |     3 ||    25
  Eat: Chunk             |       |     6 |    11 |     5 ||    22
